Map: Bridgehead LE (Void)

Players

Nerchio

  • Race: Zerg Zerg
  • League: Diamond

RepMeaSt (Semper) - Winner!

  • Race: Terran Terran
  • League: Master

Event: ASL Season 5 Prime League LOTV Beta

VOD

Have the link to the VOD?

Description

Time

  • Played on: Sept. 9, 2015, 10:47 p.m.
  • Length: 12:07

All games in this series

Show
View Real Time Build Order
Export as new Build Order

Nerchio Zerg 

Build Orders: Hatch First, Zergling Baneling 

Get SALT Encoding   

  12  0:01  Drone  
  13  0:12  Overlord  
  13  0:17  Drone  
  14  0:31  Drone x2  
  14  0:34  Drone  
  17  0:54  Hatchery  
  17  0:56  Drone  
  17  1:00  Extractor  
  17  1:01  Drone  
  17  1:15  Spawning Pool  
  17  1:17  Drone  
  17  1:22  Drone  
  18  1:28  Drone  
  19  1:38  Overlord  
  19  1:50  Drone  
  20  2:01  Drone, Queen  
  21  2:02  Metabolic Boost  
  21  2:06  Queen  
  25  2:10  Drone  
  25  2:12  Drone  
  27  2:16  Drone  
  28  2:24  Zergling x2  
  29  2:37  Hatchery, Zergling x2  
  29  2:38  Zergling x2  
  29  2:40  Zergling x2  
  31  2:46  Zergling x2  
  31  2:50  Overlord  
  32  2:54  Zergling x2  
  33  2:59  Zergling x2  
  33  3:05  Baneling Nest  
  33  3:11  Zergling x8  
  33  3:12  Zergling x2  
  38  3:25  Overlord  
  38  3:31  Drone  
  38  3:32  Drone x3  
  42  3:42  Overlord  
  42  3:47  Drone  
  42  3:50  Drone x3  
  42  3:51  Drone  
  42  3:54  Drone, Extractor  
  46  4:01  Drone x2  
  46  4:02  Drone  
  49  4:03  Queen  
  49  4:06  Drone  
  52  4:13  Roach Warren  
  52  4:14  Drone  
  52  4:17  Drone  
  52  4:18  Drone  
  52  4:22  Drone x2  
  56  4:24  Drone  
  56  4:26  Drone  
  56  4:30  Drone x2  
  60  4:33  Overlord  
  60  4:35  Baneling x2  
  60  4:36  Baneling  
  60  4:37  Baneling  
  60  4:42  Spore Crawler  
  59  4:46  Baneling  
  59  4:47  Spore Crawler, Baneling x6  
  58  4:53  Roach x2  
  58  4:59  Roach x2  
  68  5:04  Roach  
  68  5:06  Overlord  
  68  5:20  Drone x8  
  68  5:21  Drone x5  
  70  5:23  Ravager  
  70  5:27  Extractor  
  70  5:28  Drone x3, Extractor  
  71  5:30  Ravager  
  71  5:34  Drone x2  
  75  5:41  Ravager  
  75  5:42  Drone  
  77  5:43  Drone  
  77  5:47  Drone  
  79  5:51  Drone x2  
  79  5:53  Drone  
  79  5:55  Overlord  
  82  6:01  Overlord  
  82  6:05  Overlord  
  81  6:16  Drone x6  
  87  6:20  Lair  
  87  6:23  Overlord  
  87  6:28  Evolution Chamber x2  
  87  6:29  Hatchery  
  87  6:31  Drone  
  87  6:32  Drone x2  
  87  6:33  Queen  
  87  6:34  Queen, Extractor x2  
  79  6:49  Drone  
  79  6:50  Drone x4  
  84  6:58  Drone x2  
  81  7:04  Drone x2  
  83  7:09  Queen  
  83  7:10  Queen  
  83  7:14  Drone x3  
  83  7:15  Zerg Ground Armor Level 1, Zerg Melee Weapons Level 1  
  89  7:20  Drone  
  90  7:27  Baneling Nest  
  87  7:30  Roach  
  87  7:31  Roach x2, Queen  
  87  7:32  Roach  
  87  7:33  Spire  
  96  7:39  Roach  
  96  7:43  Roach x2  
  96  7:44  Roach x2  
  105  7:46  Roach  
  105  7:47  Roach  
  105  7:50  Glial Reconstitution  
  109  7:52  Roach  
  109  7:56  Roach  
  109  7:58  Roach x2  
  117  8:02  Roach  
  117  8:05  Baneling x5  
  116  8:07  Overlord  
  116  8:10  Ravager  
  116  8:11  Ravager  
  116  8:12  Roach  
  120  8:14  Overlord x2  
  120  8:19  Overlord  
  120  8:20  Overlord  
  120  8:23  Overlord  
  120  8:27  Zergling x12  
  120  8:28  Zergling x2  
  120  8:34  Zergling x8  
  130  8:37  Zergling x2  
  130  8:39  Zergling x2  
  130  8:40  Centrifical Hooks, Zergling x4  
  135  8:42  Zergling x2  
  135  8:43  Zergling x2  
  135  8:44  Zergling x2  
  135  8:45  Ravager  
  135  8:46  Ravager  
  137  8:56  Zergling x4  
  137  8:57  Zergling x16  
  144  9:08  Zergling x8  
  139  9:11  Roach x3  
  139  9:13  Roach x3  
  139  9:14  Roach  
  148  9:22  Roach x4  
  143  9:35  Roach  
  143  9:36  Roach x6  
  135  9:39  Roach x2  
  135  9:41  Zergling x2  
  118  9:48  Zergling x4  
  118  9:49  Zergling x8  
  120  10:03  Zergling x2  
  120  10:04  Zergling x6  
  120  10:06  Zergling x4  
  118  10:08  Zergling x2  
  118  10:09  Zergling x2  
  118  10:11  Zergling x4  
  105  10:15  Zergling x2  
  105  10:19  Corruptor  
  105  10:20  Corruptor  
  110  10:24  Corruptor  
  110  10:28  Corruptor  
  112  10:30  Zergling x2  
  112  10:31  Zergling x2  
  112  10:34  Zergling x4  
  112  10:35  Zergling x2  
  119  10:39  Roach  
  119  10:40  Roach  
  119  10:41  Roach  
  125  10:43  Roach  
  125  10:45  Roach  
  125  10:49  Drone x3  
  132  10:50  Drone  
  132  10:51  Drone  
  132  10:53  Drone  
  132  10:56  Drone x2  
  137  10:57  Drone  
  137  10:59  Baneling x3  
  137  11:00  Baneling  
  137  11:01  Baneling  
  137  11:02  Baneling x2  
  138  11:05  Roach  
  138  11:07  Roach  
  138  11:09  Roach  
  146  11:11  Roach  
  146  11:14  Roach  
  146  11:15  Roach  
  150  11:20  Roach x2  
  150  11:22  Zergling x4  
  156  11:26  Baneling x5  
  156  11:27  Baneling x2  
  147  11:45  Zergling x6  
  147  11:46  Zergling x10  
  128  11:49  Zergling x2  
  128  11:50  Zergling x16  
Show
View Real Time Build Order
Export as new Build Order

RepMeaSt Terran - Winner!

Build Orders: Liberator Opening, Bio Tank, MMM Bio 

Get SALT Encoding   

  12  0:00  SCV  
  13  0:13  SCV  
  14  0:17  Supply Depot  
  14  0:25  SCV  
  15  0:39  SCV  
  15  0:41  Barracks  
  16  0:44  Refinery  
  16  0:51  SCV  
  17  1:03  SCV  
  18  1:15  SCV  
  19  1:27  Orbital Command  
  19  1:28  Barracks Reactor  
  19  1:41  Command Center  
  19  1:50  Supply Depot  
  19  1:54  SCV  
  20  2:05  Marine x2  
  20  2:06  SCV  
  23  2:13  Factory  
  23  2:18  SCV  
  24  2:24  Marine x2  
  24  2:29  Refinery  
  26  2:30  SCV  
  27  2:43  Bunker, Marine x2  
  29  2:45  SCV  
  30  2:57  Orbital Command  
  30  3:02  SCV  
  31  3:08  Starport  
  31  3:15  SCV, Hellion x2  
  36  3:23  SCV  
  36  3:27  SCV  
  38  3:29  Supply Depot  
  38  3:32  Liberator  
  38  3:35  SCV  
  38  3:37  Hellion x2  
  38  3:39  SCV  
  40  3:49  SCV  
  40  3:52  Armory, SCV  
  40  3:55  Supply Depot  
  45  3:59  Hellion  
  45  4:01  SCV  
  48  4:03  Hellion  
  48  4:08  SCV  
  51  4:14  SCV  
  52  4:17  Liberator  
  52  4:23  Supply Depot, Hellion  
  55  4:24  SCV  
  55  4:25  Hellion  
  57  4:31  Barracks Tech Lab  
  57  4:34  Barracks x2  
  60  4:42  SCV  
  61  4:50  Hellion  
  61  4:51  Hellion, Marine  
  66  4:53  Stimpack  
  66  4:55  Supply Depot  
  66  4:59  SCV  
  67  5:00  Liberator  
  67  5:01  SCV  
  68  5:11  SCV  
  68  5:13  Hellion x2  
  68  5:14  SCV  
  59  5:27  SCV  
  60  5:29  Barracks Reactor, Barracks Tech Lab, Marine  
  60  5:32  Command Center, SCV  
  60  5:33  Engineering Bay  
  62  5:39  SCV  
  63  5:44  SCV  
  63  5:48  Refinery  
  64  5:50  Refinery, Engineering Bay  
  64  5:51  SCV  
  64  5:53  Marauder  
  64  5:55  Combat Shields  
  64  5:59  SCV  
  64  6:00  Barracks  
  64  6:04  SCV  
  66  6:05  Factory Tech Lab  
  66  6:11  SCV  
  66  6:13  Terran Infantry Weapons Level 1  
  67  6:24  Marine x2  
  67  6:25  Marauder x2  
  73  6:26  Siege Tank  
  73  6:28  SCV, Barracks  
  73  6:29  Barracks  
  73  6:30  Supply Depot  
  73  6:31  Terran Infantry Armor Level 1, Supply Depot  
  77  6:36  SCV  
  78  6:43  SCV  
  79  6:53  Marine x2  
  79  6:54  Marauder x2  
  85  7:00  Supply Depot x2  
  85  7:10  SCV  
  85  7:11  Marine x2, Starport Reactor  
  85  7:12  Siege Tank  
  85  7:14  Marine  
  85  7:15  Marine  
  95  7:23  SCV  
  95  7:29  Marine x2  
  98  7:33  Barracks Reactor, Barracks Tech Lab  
  98  7:34  Concussive Shells  
  98  7:36  Marine  
  97  7:41  SCV, Orbital Command  
  97  7:43  SCV  
  99  7:44  Siege Tank  
  99  7:47  Medivac x2  
  99  7:49  Marine x3  
  106  7:53  SCV, Refinery, Sensor Tower  
  106  7:54  Marine  
  106  7:55  Refinery  
  106  7:56  SCV  
  106  7:58  Marine  
  107  8:05  SCV  
  107  8:07  Marine x5  
  107  8:08  SCV  
  107  8:09  Terran Infantry Weapons Level 2  
  107  8:11  SCV  
  107  8:12  Marine  
  116  8:15  Marine  
  116  8:17  SCV  
  116  8:18  Medivac x2  
  122  8:20  SCV  
  122  8:21  Marine x2  
  122  8:24  Marine  
  122  8:25  Marine x3  
  129  8:27  SCV  
  129  8:30  SCV, Marauder  
  129  8:33  Terran Infantry Armor Level 2  
  133  8:38  Bunker  
  133  8:39  Supply Depot, Bunker  
  133  8:41  SCV x2, Marine x4  
  136  8:43  Siege Tank  
  142  8:57  Marine x5  
  142  8:58  Marine  
  142  8:59  Marine  
  142  9:01  Marine  
  150  9:07  Marine  
  150  9:08  Medivac x2  
  152  9:14  Marine  
  152  9:15  Marine x4  
  152  9:16  Marine  
  156  9:19  Siege Tank  
  156  9:20  Supply Depot  
  156  9:21  Supply Depot  
  133  9:36  Marine  
  133  9:38  Marine, Medivac  
  125  9:40  Liberator  
  125  9:41  Marine  
  113  9:51  Siege Tank, Marine x4  
  113  9:52  Marauder, Marine  
  123  9:55  Barracks  
  123  9:56  Command Center  
  123  9:58  Starport, Barracks  
  123  9:59  Barracks  
  126  10:02  Marine  
  123  10:07  Liberator  
  123  10:11  Marine  
  110  10:16  Marine x4  
  110  10:17  Marauder, Marine x2  
  110  10:20  Marine  
  116  10:23  Siege Tank  
  122  10:29  Marine  
  122  10:34  Liberator, Marine x5  
  122  10:35  Marauder  
  130  10:38  Marine, Starport Reactor  
  130  10:39  Marauder  
  133  10:46  Marine  
  133  10:47  Marine  
  137  10:52  Marine x5  
  137  10:54  Liberator  
  137  10:55  Siege Tank  
  137  10:56  Marauder, Marine  
  151  10:58  Liberator x2  
  151  11:05  Barracks Reactor, Barracks Tech Lab  
  149  11:16  Marauder  
  160  11:20  Marine x4  
  160  11:22  Marine  
  160  11:23  Marine  
  160  11:24  Refinery  
  166  11:28  Refinery  
  166  11:37  Marine  
  166  11:38  Marauder  
  159  11:47  Marine  
Tags
 
Add a new tag
Caveats
  • Supply blocks, unpowered buildings, or Contaminate may cause inaccurate times.
  • Supply counts are checked every 10 seconds.